AoeStats
← ahmadziad777

Black Forest

508724262Analyzed
4v4 RM · 7d ago on Sep 23, 2026· 49m 55s· 8 players
Game mode
Random Map
Map size
Large (8 player)
Population
200
Speed
Normal
Resources
Standard
Victory
Conquest
Starting age
Dark Age
Ending age
Imperial Age
RankedLock teamsTeams togetherTeam positionsShared explorationLock speedFull tech treeHidden civsTurbo modeCheats
Victory
Defeat
🇹🇷 Britons · Türkiye
891
+14
🇷🇺 Khmer · Russia
887
+14
🇹🇷 Romans · Türkiye
870
+15
🇫🇷 Franks · France
868
+15
🇩🇪 Spanish · Germany
899
-17
🇮🇶 Huns · Iraq
849
-15
🇩🇪 Turks · Germany
813
-13
🇹🇷 Persians · Türkiye
802
-13
Axepo
13:47 Feudal Age
15:40 Loom
20:30 Castle Age
18:40 Double-Bit Axe
18:54 Gold Mining
22:03 Bow Saw
22:42 Gold Shaft Mining
30:44 Wheelbarrow
34:08 Imperial Age
31:38 Fletching
34:04 Hand Cart
34:03 Forging
34:21 Scale Barding Armor
36:56 Iron Casting
36:41 Chain Barding Armor
36:17 Bodkin Arrow
36:46 Ballistics
37:44 Fortified Wall
38:35 Chemistry
37:59 Husbandry
38:25 Murder Holes
38:49 Cavalier
41:47 Blast Furnace
41:23 Plate Barding Armor
41:10 Town Watch
42:28 Conscription
42:39 Scale Mail Armor
42:10 Pikeman
42:50 Squires
44:49 Caravan
45:02 Paladin
45:48 Chivalry
46:38 Chain Mail Armor
48:05 Ordonnance Companies
49:36 Siege Engineers
GRIFS_RAPLANC_CSMPFJ
0:27 Loom
12:04 Feudal Age
12:32 Horse Collar
12:40 Double-Bit Axe
21:45 Castle Age
21:38 Fletching
21:50 Scale Mail Armor
21:13 Man-at-Arms
21:53 Gold Mining
21:56 Stone Mining
23:19 Bow Saw
23:15 Heavy Plow
24:08 Squires
23:29 Long Swordsman
24:28 Chain Mail Armor
24:24 Forging
26:36 Pikeman
30:34 Elite Skirmisher
32:27 Gold Shaft Mining
34:28 Imperial Age
32:40 Wheelbarrow
31:51 Town Watch
32:53 Bodkin Arrow
34:12 Masonry
34:23 Ballistics
35:12 Hand Cart
36:15 Conscription
35:45 Legionary
35:49 Halberdier
37:04 Siege Engineers
38:40 Iron Casting
38:17 Legionary
39:52 Caravan
43:18 Blast Furnace
43:30 Heavy Scorpion
46:53 Ballistas
Wst2
1:07 Loom
11:02 Feudal Age
14:55 Castle Age
13:19 Double-Bit Axe
16:29 Bow Saw
18:41 Wheelbarrow
20:48 Horse Collar
21:34 Heavy Plow
28:56 Imperial Age
27:31 Gold Mining
31:06 Chemistry
30:42 Hand Cart
30:50 Ballistics
30:32 Husbandry
30:43 Bloodlines
29:58 Heavy Scorpion
31:01 Scale Barding Armor
31:07 Forging
32:26 Chain Barding Armor
33:07 Crop Rotation
33:02 Fortified Wall
34:25 Plate Barding Armor
34:31 Iron Casting
34:25 Elite Battle Elephant
36:09 Double Crossbow
36:13 Tusk Swords
36:14 Double Crossbow
38:07 Blast Furnace
44:52 Conscription
Tonyukuk
12:53 Feudal Age
16:28 Castle Age
14:20 Double-Bit Axe
14:19 Horse Collar
18:33 Bow Saw
18:26 Heavy Plow
18:23 Stone Mining
24:48 Wheelbarrow
24:46 Gold Mining
25:57 Loom
27:19 Caravan
28:04 Fletching
28:52 Treadmill Crane
29:31 Hand Cart
30:51 Town Watch
31:46 Bodkin Arrow
31:53 Padded Archer Armor
35:20 Imperial Age
34:49 Ballistics
34:44 Masonry
34:54 Leather Archer Armor
34:42 Scale Mail Armor
36:26 Conscription
36:50 Hoardings
36:25 Bracer
36:57 Ring Archer Armor
36:39 Forging
36:45 Chain Mail Armor
38:29 Chemistry
37:39 Siege Engineers
37:34 Murder Holes
37:14 Elite Longbowman
38:17 Yeomen
43:45 Coinage
45:19 Warwolf
_marcus_
11:45 Feudal Age
12:21 Double-Bit Axe
12:21 Horse Collar
13:19 Wheelbarrow
20:48 Castle Age
18:47 Stone Mining
22:13 Bow Saw
22:07 Heavy Plow
25:00 Gold Mining
26:43 Hand Cart
28:25 Caravan
32:45 Imperial Age
33:53 Murder Holes
34:01 Artillery
34:23 Conscription
35:32 Gold Shaft Mining
34:41 Elite Janissary
37:20 Two-Man Saw
36:44 Forging
36:24 Fletching
36:35 Padded Archer Armor
41:06 Squires
parla
0:28 Loom
13:04 Feudal Age
13:43 Double-Bit Axe
19:48 Castle Age
21:57 Wheelbarrow
27:24 Hand Cart
27:57 Padded Archer Armor
29:00 Town Watch
30:07 Husbandry
36:17 Imperial Age
33:30 Horse Collar
34:02 Bow Saw
34:02 Murder Holes
34:29 Ballistics
34:49 Gold Mining
37:36 Chemistry
36:53 Kamandaran
37:12 Leather Archer Armor
37:13 Citadels
36:28 Heavy Scorpion
Mistăr
0:39 Loom
12:10 Feudal Age
12:48 Horse Collar
12:56 Double-Bit Axe
21:50 Castle Age
20:14 Gold Mining
21:42 Arson
22:09 Forging
22:05 Scale Barding Armor
21:52 Fletching
21:56 Stone Mining
22:56 Bow Saw
23:42 Heavy Plow
23:54 Pikeman
24:34 Squires
25:14 Inquisition
30:33 Imperial Age
29:22 Iron Casting
29:32 Scale Mail Armor
31:21 Husbandry
31:32 Bloodlines
30:43 Cavalier
32:33 Blast Furnace
33:50 Chemistry
33:21 Halberdier
34:17 Fortified Wall
37:31 Two-Man Saw
38:44 Wheelbarrow
39:10 Chain Mail Armor
39:16 Chain Barding Armor
38:52 Bodkin Arrow
39:54 Man-at-Arms
42:36 Plate Mail Armor
41:29 Long Swordsman
42:39 Elite Skirmisher
43:25 Thumb Ring
44:46 Bracer
44:46 Padded Archer Armor
ahmadziad777
0:28 Loom
12:05 Feudal Age
13:03 Horse Collar
13:12 Double-Bit Axe
15:26 Gold Mining
15:37 Stone Mining
17:16 Wheelbarrow
23:36 Castle Age
24:54 Caravan
25:26 Husbandry
25:37 Bloodlines
26:17 Bow Saw
26:13 Heavy Plow
26:23 Squires
27:57 Forging
27:53 Scale Barding Armor
29:23 Hand Cart
29:49 Gold Shaft Mining
28:41 Pikeman
30:00 Iron Casting
29:45 Chain Barding Armor
35:38 Imperial Age
33:56 Marauders
36:41 Conscription
35:46 Cavalier
37:19 Paladin
37:37 Halberdier
39:20 Blast Furnace
38:56 Plate Barding Armor
44:11 Scale Mail Armor
Connection lost

Rejoining the realm…

Still unreachable

The connection could not be restored.

Session expired

The server has moved on; the page needs a fresh start.